 Dungeon Crawl Stone Soup version 0.24.0-1-gfbc8707122 (webtiles) character file.

Game seed: 3528154278059531539, levelgen mode: deterministic

19 Fingolfin the Digger (level 2, 0/19 HPs)
             Began as a Barachi Earth Elementalist on Oct 26, 2019.
             Was an Initiate of Nemelex Xobeh.
             Killed from afar by an orc wizard (6 damage)
             ... with a magic dart
             ... on level 2 of the Dungeon.
             The game lasted 00:04:45 (1198 turns).

Fingolfin the Digger (Barachi Earth Elementalist)   Turns: 1198, Time: 00:04:46

Health: 0/19       AC:  2    Str:  9    XL:     2   Next: 75%
Magic:  0/6        EV: 12    Int: 15    God:    Nemelex Xobeh [......]
Gold:   76         SH:  0    Dex: 12    Spells: 4/7 levels left

rFire    . . .     SeeInvis .   m - +0 spear
rCold    . . .     Gourm    .   (no shield)
rNeg     . . .     Faith    .   c - +0 robe
rPois    .         Spirit   .   (no helmet)
rElec    .         Reflect  .   (no cloak)
rCorr    .         Harm     .   (no gloves)
MR       .....                  (no boots)
Stlth    ++........             (no amulet)
HPRegen  0.06/turn              (no ring)
MPRegen  0.10/turn              (no ring)

@: very slightly contaminated, slow
A: +LOS, swims, slowness 1, strong legs 1
a: Hop, Draw Escape, Draw Destruction, Draw Summoning, Renounce Religion


You were on level 2 of the Dungeon.
You worshipped Nemelex Xobeh.
Nemelex Xobeh was noncommittal.
You were not hungry.

You visited 1 branch of the dungeon, and saw 2 of its levels.

You collected 76 gold pieces.

Inventory:

Hand Weapons
 m - a +0 spear (weapon)
Missiles
 b - 41 stones (quivered)
Armour
 c - a +0 robe (worn)
Scrolls
 a - 2 scrolls of teleportation {unknown}
 g - a scroll of remove curse {unknown}
 h - a scroll of fear {unknown}
 i - a scroll of random uselessness {unknown}
 l - a scroll of enchant weapon {unknown}
 o - a scroll of identify {unknown}
Potions
 e - a potion of might {unknown}
 f - a potion of invisibility {unknown}
 j - a potion of mutation {unknown}
 k - a potion of magic {unknown}
 n - 2 potions of haste {unknown}
Comestibles
 d - 4 rations


   Skills:
 - Level 2.1 Dodging
 - Level 1.7 Stealth
 - Level 3.0 Spellcasting
 - Level 1.1 Transmutations
 + Level 3.3 Earth Magic
 * Level 0.0 Invocations


You had 4 spell levels left.
You knew the following spells:

 Your Spells              Type           Power        Failure   Level  Hunger
a - Sandblast             Erth           ##....       4%          1    #......
b - Passwall              Tmut/Erth      #.......     12%         2    ##.....

Your spell library contained the following spells:

 Spells                   Type           Power        Failure   Level  Hunger
 Stone Arrow              Conj/Erth      #.....       30%         3    ###....
 Petrify                  Tmut/Erth      #.......     63%         4    #####..
 Lee's Rapid Deconstruct  Erth           ##........   80%         5    ######.


Dungeon Overview and Level Annotations

Branches:
Dungeon (2/15)

Altars:
Nemelex Xobeh


Innate Abilities, Weirdness & Mutations

Shadows flee at your approach. (+LOS)
You can swim through water.
You cover ground slowly.
You can hop short distances.


Message History

Aiming: Sandblast (safe; 4% risk of failure)
Press: ? - help, Shift-Dir - straight line, f/p - orc wizard
Aim: an orc wizard, wielding a +0 dagger and wearing a +0 robe (severely wounded)
The blast of sand hits the orc wizard.
The orc wizard is almost dead.
b - 41 stones The orc wizard closely misses you.
You draw a card...
You have drawn the Storm.
A fierce wind blows from the card.
The orc wizard is blown away by the wind.
You hear mighty peals of thunder!
Unknown command.
You draw a card...
You have drawn the Storm.
A fierce wind blows from the card.
You hear a mighty peal of thunder!
The deck of cards glows with a rainbow of weird colours and disappears.
You draw a card...
You have drawn the Pentagram.
The deck of cards glows with a rainbow of weird colours and disappears.
The orc wizard points at you and mumbles some strange words.
The magic dart hits you.
You die...
Your body disappears without a glow.

......# ..##.# ..##.#
#.##.####.# #.##.....
#####o##..# ### #.
#.........########..
.....#.###.#............#
.......h@o4##..########..
#.####.##..###.# ##. #
#..# #.# #. #.%# #.#
#####. ...# #.# #.....
....# #.# #.#### .#...
..# #.# ..##.. #.# #.#
... ....#.# #.####


You could see an ice devil, an orc wizard and a friendly hell hound.

Vanquished Creatures
  2 giant cockroaches (D:1)
  5 goblins (D:1)
  3 hobgoblins (D:1)
  A bat (D:1)
  2 frilled lizards (D:1)
  2 kobolds (D:1)
  3 rats
18 creatures vanquished.

Notes
Turn   | Place    | Note
-------+----------+-------------------------------------------
     0 | D:1      | Fingolfin the Barachi Earth Elementalist began the quest
                  | for the Orb.
     0 | D:1      | Reached XP level 1. HP: 13/13 MP: 3/3
   224 | D:1      | Found a sparkling altar of Nemelex Xobeh.
   229 | D:1      | Became a worshipper of Nemelex Xobeh the Trickster
   253 | D:1      | Reached XP level 2. HP: 16/19 MP: 3/5
   361 | D:1      | Learned a level 2 spell: Passwall
  1017 | D:1      | Received a gift from Nemelex Xobeh
  1198 | D:2      | Noticed an ice devil
  1198 | D:2      | Killed from afar by an orc wizard

Levels and vault maps discovered:
D:1:      tarquinn_simple_flora_water_a, layout_loops_cross, nrook_mini_vaults,
          nemelex_diamond_rough_becter
D:2:      layout_loops_ring, first_ration, roderic_filled_cross,
          kennysheep_decorative_pillar, nicolae_tso_swordbearing_angel

Skill      XL: |  1  2 |
---------------+-------+-----
Spellcasting   | 3 |  3.0
Dodging        | |  2.1
Stealth        | |  1.7
Transmutations | |  1.1
Earth Magic    | |  3.3

Action                   || total
-------------------------++-------
Melee: Unarmed           ||    19
       Spear             ||     9
 Cast: Sandblast         ||    25
 Abil: Draw Destruction  ||     2
       Draw Summoning    ||     1
  Eat: Chunk             ||     1
Armor: Robe              ||    11
Dodge: Dodged            ||    30
